 Dungeon Crawl Stone Soup version 0.17.0-1-g61d176b (webtiles) character file.

12 andalon the Firebug (level 2, -1/16 HPs)
             Began as a Gargoyle Fire Elementalist on Nov 7, 2015.
             Slain by a kobold
             ... wielding a +0 short sword
              (5 damage)
             ... on level 1 of the Dungeon.
             The game lasted 00:03:03 (523 turns).

andalon the Firebug (Gargoyle Fire Elementalist)     Turns: 523, Time: 00:03:03

Health: -1/16      AC:  4    Str: 11    XL:     2   Next: 33%
Magic:  5/5        EV: 12    Int: 15    God:
Gold:   16         SH:  0    Dex: 10    Spells: 1 memorised, 4 levels left

rFire  . . .     SeeInvis .     e - +0 dagger
rCold  . . .     Clarity  .     a - +0 robe
rNeg   + . .     SustAt   .     (no shield)
rPois  ∞         Gourm    .     (no helmet)
rElec  +         Spirit   .     (no cloak)
rCorr  .         Warding  .     (no gloves)
rMut   .         Stasis   .     (no boots)
MR     .....                    (no amulet)
Stlth  ++........               (no ring)
                                (no ring)

@: not resistant to hostile enchantments, unstealthy
A: negative energy resistance 1, electricity resistance, unbreathing,
petrification resistance, rot immunity, AC +2
a: no special abilities


You were on level 1 of the Dungeon.
You were not hungry.

You visited 1 branch of the dungeon, and saw 1 of its levels.

You collected 16 gold pieces.

Inventory:

Hand Weapons
 e - a +0 dagger (weapon)
Armour
 a - a +0 robe (worn)
Scrolls
 d - a scroll of random uselessness {unknown}
 g - a scroll of recharging {unknown}
 h - a scroll of blinking {unknown}
Books
 b - a book of Flames

   Spells                             Type                      Level
   a - Flame Tongue                   Conjuration/Fire             1
   b - Throw Flame                    Conjuration/Fire             2
   c - Conjure Flame                  Conjuration/Fire             3
   d - Inner Flame                    Hexes/Fire                   3
   e - Sticky Flame                   Conjuration/Fire             4
   f - Fireball                       Conjuration/Fire             5
Comestibles
 c - a bread ration
 f - 6 chunks of flesh


   Skills:
 * Level 0.9 Fighting
 + Level 1.7 Dodging
 + Level 2.1 Stealth
 + Level 2.0 Spellcasting
 + Level 1.1 Conjurations
 + Level 3.3 Fire Magic


You had 4 spell levels left.
You knew the following spells:

 Your Spells              Type           Power        Failure   Level  Hunger
a - Flame Tongue          Conj/Fire      #....        12%         1    #......


Dungeon Overview and Level Annotations

Branches:
Dungeon (1/15)

Altars:


Innate Abilities, Weirdness & Mutations

You are resistant to torment.
Your stone body is resilient (AC +2).
You are immune to poison.
You resist negative energy.
You are resistant to electric shocks.
You can survive without breathing.
You are immune to petrification.
You are immune to rotting.


Message History

The goblin barely misses you.
Things that are here:
a club; a kobold corpse; a hobgoblin corpse You hit the kobold but do no damage.
The bat closely misses you. The kobold hits you with a short sword.
The bat barely misses you.
You hit the kobold.
The kobold is severely wounded.
The bat barely misses you. The kobold barely misses you. The goblin misses you.
You hit the kobold but do no damage.
The kobold is severely wounded.
The hobgoblin hits you with a club.
* * * LOW HITPOINT WARNING * * *
The goblin closely misses you.
The kobold drinks a potion.
The kobold is healed!
You closely miss the kobold. The hobgoblin closely misses you.
The kobold hits you but does no damage. The goblin hits you but does no damage.
You miss the kobold.
The hobgoblin hits you but does no damage.
The goblin misses you. The kobold hits you with a short sword.
You die...

############ ###
........... .. .........##
####### .. .........#
#.....# .# ##
.........####.....# .##.#
.........'........##....#
.........####.......#...
.........# ###'#g#.#.#'#...
.........# #g@K#.b..$.#
.........###########K.....#
................. #.#......
################# ....#....
....K #.. K#..... #
........ ........#.


You could see a hobgoblin, a goblin and a kobold.

Vanquished Creatures
  A bat (D:1)
  4 hobgoblins (D:1)
  2 goblins (D:1)
  3 kobolds (D:1)
  A rat (D:1)
11 creatures vanquished.

Notes
Turn   | Place    | Note
--------------------------------------------------------------
     0 | D:1      | andalon the Gargoyle Fire Elementalist began the quest for the Orb.
     0 | D:1      | Reached XP level 1. HP: 10/10 MP: 3/3
   360 | D:1      | Reached XP level 2. HP: 14/16 MP: 1/5
   523 | D:1      | Slain by a kobold

Action                   || total
-------------------------++-------
Melee: Unarmed           ||    18
       Dagger            ||    41
 Cast: Flame Tongue      ||     8
